 Dungeon Crawl Stone Soup version 0.17-a0-1900-g45e8110 (webtiles) character file.

146 tp1 the Magician (level 5, 0/28 HPs)
             Began as a Deep Elf Conjurer on Sept 24, 2015.
             Slain by a giant frog skeleton (5 damage)
             ... on level 4 of the Dungeon.
             The game lasted 00:16:40 (2669 turns).

tp1 the Magician (Deep Elf Conjurer)                Turns: 2669, Time: 00:16:41

Health: 0/28       AC:  2    Str:  6    XL:     5   Next: 7%
Magic:  9/16       EV: 13    Int: 20    God:
Gold:   198        SH:  0    Dex: 15    Spells: 3 memorised, 12 levels left

rFire  . . .     SeeInvis .     (no weapon)
rCold  . . .     Clarity  .     a - +0 robe
rNeg   . . .     SustAt   .     (no shield)
rPois  .         Gourm    .     (no helmet)
rElec  .         Spirit   .     (no cloak)
rCorr  .         Warding  .     (no gloves)
rMut   .         Stasis   .     (no boots)
MR     .....                    (no amulet)
Stlth  ++........               (no ring)
                                (no ring)

@: not resistant to hostile enchantments, unstealthy
A: no striking features
a: no special abilities


You were on level 4 of the Dungeon.
You were not hungry.

You visited 1 branch of the dungeon, and saw 5 of its levels.

You collected 198 gold pieces.

Inventory:

Armour
 a - a +0 robe (worn)
Magical devices
 n - a wand of lightning (6)
Scrolls
 d - 5 scrolls of identify {unknown}
 e - 5 scrolls of remove curse {unknown}
 i - a scroll of enchant armour {unknown}
 j - 2 scrolls of random uselessness {unknown}
 q - a scroll of immolation {unknown}
Potions
 g - 3 potions of curing {unknown}
 k - a potion of agility {unknown}
 m - a potion of heal wounds {unknown}
 o - a potion of flight {unknown}
 p - a potion of berserk rage {unknown}
Books
 b - a book of Conjurations

   Spells                             Type                      Level
   a - Magic Dart                     Conjuration                  1
   b - Searing Ray                    Conjuration                  2
   c - Dazzling Spray                 Conjuration/Hexes            3
   d - Fulminant Prism                Conjuration/Hexes            4
   e - Iskenderun's Mystic Blast      Conjuration                  4
   f - Iskenderun's Battlesphere      Conjuration/Charms           5
Comestibles
 c - 4 bread rations
 f - 4 meat rations
 h - a fruit
 l - a slice of pizza


   Skills:
 - Level 2.4 Dodging
 - Level 2.4 Stealth
 + Level 7.1 Spellcasting
 - Level 4.3 Conjurations
 + Level 0.3 Hexes


You had 12 spell levels left.
You knew the following spells:

 Your Spells              Type           Power        Failure   Level  Hunger
a - Magic Dart            Conj           ###.         1%          1    None
b - Searing Ray           Conj           ###...       2%          2    None
c - Dazzling Spray        Conj/Hex       ###.....     12%         3    #......


Dungeon Overview and Level Annotations

Branches:
Dungeon (5/15)
 Temple: D:4-7

Altars:
Trog
Xom


Message History

Confirm with . or Enter, or press ? or * to list all spells.
Aiming: Searing Ray
Press: ? - help, Shift-Dir - straight line, f/p - giant frog skeleton
Aim: a giant frog skeleton The searing ray misses the giant frog skeleton.
The giant frog skeleton hits you.
The searing ray misses the giant frog skeleton.
The giant frog skeleton hits you.
* * * LOW HITPOINT WARNING * * *
The searing ray hits the giant frog skeleton.
The giant frog skeleton misses you.
The giant frog skeleton barely misses you.
The giant frog skeleton hits you but does no damage.
The giant frog skeleton barely misses you.
The giant frog skeleton closely misses you.
The giant frog skeleton hits you.
* * * LOW HITPOINT WARNING * * *
The giant frog skeleton closely misses you.
The giant frog skeleton hits you.
You die...

.......#
.#####.###
...(.....#
..####)#.#########
.....).)........>#
..####.#.#######.#
.......#.# #.#
..)....#.# #.#
###.###### #@#
#..#.#≈#.## #Z#
.≈#....##.# #.#
..⌠.##≈..#### #.#
#≈≈..#.≈.##≈# #.#
..^..⌠≈≈#≈§## #.#
#.#..##≈...## #.#
..###≈##.#≈≈# #.#
#^≈.⌠≈.#..^## #.#


You could see a giant frog skeleton.

Vanquished Creatures
  An orc priest (D:4)
  4 adders
  5 worms
  2 giant geckos
  6 orcs
  7 bats
  3 giant cockroaches
  6 goblins
  8 hobgoblins
  2 jackals (D:3)
  5 kobolds
  4 giant newts
  7 rats
60 creatures vanquished.

Notes
Turn   | Place    | Note
--------------------------------------------------------------
     0 | D:1      | tp1 the Deep Elf Conjurer began the quest for the Orb.
     0 | D:1      | Reached XP level 1. HP: 10/10 MP: 6/6
   184 | D:1      | Reached XP level 2. HP: 15/15 MP: 5/8
   570 | D:2      | Found a bloodstained altar of Trog.
   722 | D:2      | Reached skill level 5 in Spellcasting
   722 | D:2      | Reached XP level 3. HP: 19/19 MP: 3/11
   856 | D:2      | Learned a level 2 spell: Searing Ray
   860 | D:2      | Learned a level 3 spell: Dazzling Spray
  1394 | D:3      | Reached XP level 4. HP: 24/24 MP: 11/13
  1439 | D:3      | Reached skill level 6 in Spellcasting
  2219 | D:4      | Found a shimmering altar of Xom.
  2294 | D:4      | Reached skill level 7 in Spellcasting
  2294 | D:4      | Reached XP level 5. HP: 2/28 MP: 2/16
  2303 | D:5      | Entered Level 5 of the Dungeon
  2303 | D:5      | Noticed an ogre
  2669 | D:4      | Slain by a giant frog skeleton

Vault maps used:
D:1:      enne_arrival_octagon_isle
D:2:      old_standard_altar
D:3:      first_bread, kennysheep_generic_room_13
D:4:      nicolae_overflow_crystal_walls, tgw_xom
D:5:      uniq_prince_ribbit1, uniq_menkaure, uniq_blork_the_orc, uniq_duvessa,
          uniq_sigmund

Action                   |  1- 3 |  4- 6 || total
-------------------------+-------+-------++-------
Melee: Unarmed           |       |     9 ||     9
 Cast: Magic Dart        |    75 |    61 ||   136
       Dazzling Spray    |     3 |     5 ||     8
       Searing Ray       |     1 |     3 ||     4
  Eat: Fruit             |     2 |       ||     2
       Meat ration       |       |     1 ||     1
